 Dungeon Crawl Stone Soup version 0.21.1-1-g345015fe64 (webtiles) character file.

297 Norrik the Fighter (level 6, 0/62 HPs)
             Began as a Minotaur Monk on Mar 22, 2018.
             Was a Believer of Okawaru.
             Slain by Lothor's ghost (3 damage)
             ... on level 3 of the Dungeon.
             The game lasted 00:08:29 (2148 turns).

Norrik the Fighter (Minotaur Monk)                  Turns: 2148, Time: 00:08:29

Health: 0/62       AC: 10    Str: 17    XL:     6   Next: 12%
Magic:  5/5        EV:  5    Int:  7    God:    Okawaru [**....]
Gold:   65         SH:  0    Dex: 13    Spells: 5/5 levels left

rFire    . . .     SeeInvis .   b - -1 whip (curse)
rCold    . . .     Gourm    .   (no shield)
rNeg     . . .     Faith    .   j - +0 plate armour
rPois    .         Spirit   .   (helmet restricted)
rElec    .         Reflect  .   (no cloak)
rCorr    .         Harm     .   (no gloves)
MR       .....                  (no boots)
Stlth    ..........             (no amulet)
HPRegen  0.20/turn              (no ring)
MPRegen  0.09/turn              (no ring)

@: no status effects
A: retaliatory headbutt, horns 2
a: Heroism, Renounce Religion


You were on level 3 of the Dungeon.
You worshipped Okawaru.
Okawaru was pleased with you.
You were hungry.

You visited 1 branch of the dungeon, and saw 3 of its levels.

You collected 65 gold pieces.

Inventory:

Hand Weapons
 a - a +0 spear
 b - a cursed -1 whip (weapon)
Missiles
 k - 34 arrows
 p - 61 stones (quivered)
Armour
 j - a +0 plate armour (worn)
Jewellery
 g - a +2 ring of intelligence {unknown}
Scrolls
 e - a scroll of identify {unknown}
 h - a scroll of remove curse {unknown}
 o - a scroll of fear {unknown}
 q - a scroll of random uselessness {unknown}
 r - a scroll of enchant armour {unknown}
Potions
 d - 2 potions of brilliance {unknown}
 f - a potion of mutation {unknown}
 i - 2 potions of magic {unknown}
 l - a potion of agility {unknown}
 n - a potion of cancellation {unknown}
 s - 2 potions of curing {unknown}
 t - a potion of heal wounds {unknown}
Comestibles
 c - 8 rations


   Skills:
 + Level 8.3 Fighting
 - Level 3.6 Polearms
 - Level 3.2 Dodging
 - Level 1.5 Stealth


You had 5 spell levels left.
You didn't know any spells.

Dungeon Overview and Level Annotations

Branches:
Dungeon (3/15)

Altars:
Okawaru
Ru
Zin

Annotations:
D:3 Lothor's ghost, amateur CeHu


Innate Abilities, Weirdness & Mutations

You reflexively headbutt those who attack you in melee.
You have a pair of horns on your head.


Message History

Lothor's ghost hits you.
You completely miss Lothor's ghost.
Lothor's ghost is severely damaged.
Lothor's ghost hits you.
* * * LOW HITPOINT WARNING * * *
You hit Lothor's ghost but do no damage.
Lothor's ghost is severely damaged.
Lothor's ghost hits you but does no damage.
You hit Lothor's ghost.
Lothor's ghost is almost destroyed.
Lothor's ghost hits you.
* * * LOW HITPOINT WARNING * * *
You hit Lothor's ghost but do no damage.
Lothor's ghost is almost destroyed.
Lothor's ghost closely misses you. Lothor's ghost hits you!
* * * LOW HITPOINT WARNING * * *
You hit Lothor's ghost.
Lothor's ghost is almost destroyed.
Lothor's ghost hits you.
You die...

##.##.....###.# #.#
##.###...## #.# #.#####
##.# ##.#####.# #...).#
...# #.......# #.###.#
#..# ##'####### #.###.#
#..###...## #..##.#
#..##.....## ####..##.#
...#.......## ##.##..##.#
#.#.........####@..#..##.#
..'.........'..W.........#
#.#.........####......>.##
#.##.......## ##.###.#.#
..###.....## #.###.#.# ###
##...## #.##..#.# ##'##
#.##.##.# #.# #.......#
#####.### ####.####


You could see Lothor's ghost.

Vanquished Creatures
  A hungry ghost (D:2)
  Jessica (D:2)
  A worker ant (D:2)
  Robin (D:2)
  4 adders (D:2)
  2 worms (D:2)
  An orc (D:3)
  A giant cockroach (D:1)
  13 goblins
  14 hobgoblins
  3 jackals (D:3)
  A quokka (D:2)
  2 ball pythons (D:3)
  12 bats
  5 frilled lizards
  8 kobolds
  5 rats
75 creatures vanquished.

Notes
Turn   | Place    | Note
-------+----------+-------------------------------------------
     0 | D:1      | Norrik the Minotaur Monk began the quest for the Orb.
     0 | D:1      | Reached XP level 1. HP: 19/19 MP: 0/0
   127 | D:1      | Reached skill level 4 in Fighting
   213 | D:1      | Reached XP level 2. HP: 28/28 MP: 1/1
   737 | D:2      | Reached skill level 5 in Fighting
   737 | D:2      | Reached XP level 3. HP: 21/36 MP: 2/2
   847 | D:2      | Noticed Jessica
   852 | D:2      | Killed Jessica
   852 | D:2      | Reached skill level 6 in Fighting
   852 | D:2      | Reached XP level 4. HP: 39/44 MP: 3/3
   910 | D:2      | Found an iron altar of Okawaru.
   921 | D:2      | Became a worshipper of Warmaster Okawaru
   921 | D:2      | Reached * piety under Okawaru
   921 | D:2      | Reached ** piety under Okawaru
  1048 | D:2      | Found a glowing silver altar of Zin.
  1126 | D:2      | Found a sacrificial altar of Ru.
  1173 | D:2      | Noticed Robin
  1235 | D:2      | Reached XP level 5. HP: 48/51 MP: 4/4
  1250 | D:2      | Reached skill level 7 in Fighting
  1254 | D:2      | Killed Robin
  1414 | D:2      | Noticed a hungry ghost
  1451 | D:2      | Killed a hungry ghost
  1451 | D:2      | Reached skill level 8 in Fighting
  1451 | D:2      | Reached XP level 6. HP: 52/61 MP: 5/5
  1761 | D:3      | Noticed Lothor's ghost (amateur CeHu)
  2147 | D:3      | HP: 3/62 [Lothor's ghost (8)]
  2148 | D:3      | Slain by Lothor's ghost

Skill      XL: |  1  2  3  4  5 |
---------------+----------------+-----
Fighting       | 4 5 6 8 |  8.3
Polearms       | |  3.6
Dodging        | |  3.2
Stealth        | |  1.5

Action                   |  1- 3 |  4- 6 || total
-------------------------+-------+-------++-------
Melee: Spear             |    81 |   153 ||   234
       Headbutt          |     7 |    31 ||    38
       Whip              |       |    30 ||    30
 Stab: Sleeping          |     3 |       ||     3
  Eat: Chunk             |       |     5 ||     5
       Ration            |       |     1 ||     1
Armor: Robe              |     1 |       ||     1
       Plate armour      |    34 |    91 ||   125
Dodge: Dodged            |    28 |    36 ||    64
